 Dungeon Crawl Stone Soup version 0.30-a0-916-g9813417 (webtiles) character file.

Game seed: 13701945934490951512

29061 Dawnplanks the Severer (level 13, -1/122 HPs)
             Began as a Hill Orc Berserker on Mar 21, 2023.
             Was an Elder of Trog.
             Slain by a skyshark (12 damage)
             ... on level 5 of the Lair of Beasts.
             The game lasted 00:25:20 (13674 turns).

Dawnplanks the Severer (Hill Orc Berserker)        Turns: 13674, Time: 00:25:20

Health: -1/122     AC: 22    Str: 24    XL:     13   Next: 42%
Magic:  22/22      EV: 12    Int:  6    God:    Trog [****..]
Gold:   1274       SH:  5    Dex: 11    Spells: 12/12 levels left

rFire   . . .      SeeInvis +    T - +5 battleaxe (flame)
rCold   + . .      Faith    .    (shield currently unavailable)
rNeg    + . .      Spirit   .    x - +3 scale mail "Bosia" {Fly rC+ Stlth+}
rPois   +          Reflect  +    J - +1 helmet
rElec   .          Rampage  .    u - +2 ratskin cloak {*Rats rPois rN+ Str-1 Int-1 Dex+1}
rCorr   .                        a - +2 pair of gloves
Will    ++...                    R - +0 pair of boots
Stlth   +                        D - amulet of reflection
HPRegen 1.40/turn                m - ring of magical power
MPRegen 0.18/turn                K - ring of see invisible

@: strong-willed, flying, regenerating
A: no striking features
a: Renounce Religion, Berserk, Trog's Hand, Brothers in Arms


You were on level 5 of the Lair of Beasts.
You worshipped Trog.
Trog was greatly pleased with you.
You visited 3 branches of the dungeon, and saw 16 of its levels.
You also visited: Sewer and Bailey.

You collected 1369 gold pieces.
You spent 95 gold pieces at shops.

Inventory:

Hand Weapons
 G - the +9 scimitar of Fate {elec, rElec rPois rC+ Int-2}
   (You found it on level 6 of the Dungeon)

   Int:       It affects your intelligence (-2).
   rC:        It protects you from cold.
   rElec:     It insulates you from electricity.
   rPois:     It protects you from poison.
 H - a +0 vampiric war axe
 T - a +5 battleaxe of flaming (weapon)
Missiles
 z - 3 curare-tipped darts (quivered)
Armour
 a - a +2 pair of gloves (worn)
 u - the +2 ratskin cloak (worn) {*Rats rPois rN+ Str-1 Int-1 Dex+1}
   (You found it on level 4 of the Dungeon)

   *Rats:     When the wearer is hurt, rats may emerge from it to assist them.
   Str:       It affects your strength (-1).
   Int:       It affects your intelligence (-1).
   Dex:       It affects your dexterity (+1).
   rPois:     It protects you from poison.
   rN:        It protects you from negative energy.
 x - the +3 scale mail "Bosia" (worn) {Fly rC+ Stlth+}
   (You found it on level 4 of the Dungeon)

   rC:        It protects you from cold.
   Fly:       It grants you flight.
   Stlth:     It makes you more stealthy.
 A - a +0 ring mail of fire resistance
 B - the +0 scale mail of Omission {Regen+}
   (You found it on level 5 of the Dungeon)

   Regen:     It increases your rate of health regeneration.
 J - a +1 helmet (worn)
 N - a +0 ring mail of cold resistance
 R - a +0 pair of boots (worn)
Jewellery
 m - a ring of magical power (left hand)
 t - an amulet of faith
 y - an amulet of regeneration
 D - an amulet of reflection (around neck)
 K - a ring of see invisible (right hand)
Wands
 F - a wand of quicksilver (12)
 I - a wand of iceblast (24)
 O - a wand of flame (46)
 P - a wand of polymorph (9)
 V - a wand of paralysis (5)
Scrolls
 e - 2 scrolls of brand weapon
 g - 4 scrolls of enchant armour {unknown}
 h - 2 scrolls of enchant weapon
 k - 2 scrolls of magic mapping
 l - 6 scrolls of teleportation {unknown}
 p - 4 scrolls of summoning {unknown}
 q - 5 scrolls of fog {unknown}
 v - 2 scrolls of poison
 C - 3 scrolls of fear
 M - a scroll of immolation {unknown}
 Q - 2 scrolls of silence {unknown}
 S - 2 scrolls of blinking {unknown}
Potions
 b - 2 potions of lignification {unknown}
 c - a potion of magic
 d - 4 potions of ambrosia
 f - 4 potions of brilliance {unknown}
 i - 7 potions of degeneration {unknown}
 j - 2 potions of might {unknown}
 n - 4 potions of curing {unknown}
 o - 8 potions of haste {unknown}
 r - 2 potions of invisibility {unknown}
 s - 2 potions of heal wounds {unknown}
 w - a potion of attraction {unknown}
 E - a potion of cancellation {unknown}
 L - 5 potions of flight
 U - 3 potions of mutation {unknown}
Miscellaneous
 W - a condenser vane


   Skills:
 + Level 13.2 Fighting
 + Level 19.8 Axes
 + Level 10.2 Armour
 + Level 5.9 Dodging
 + Level 5.6 Shields


You had 12 spell levels left.
You didn't know any spells.
Your spell library contained the following spells:

 Spells                   Type           Power      Damage    Failure   Level
 Magic Dart               Conj           0%         1d3       71%         1
 Necrotise                Necr           0%         1d4       71%         1
 Blink                    Tloc           0%         N/A       83%         2
 Lesser Beckoning         Tloc           0%         N/A       83%         2
 Momentum Strike          Conj/Tloc      0%         3d8       83%         2
 Searing Ray              Conj           0%         2d4       83%         2
 Gell's Gravitas          Tloc           0%         N/A       97%         3
 Ozocubu's Armour         Ice            0%         N/A       97%         3
 Teleport Other           Tloc           0%         N/A       97%         3
 Vampiric Draining        Necr           0%         2d6       97%         3
 Fulminant Prism          Conj/Hex       0%         3d5       100%        4
 Agony                    Necr           0%         N/A       100%        5
 Metabolic Englaciation   Hex/Ice        0%         N/A       100%        5
 Simulacrum               Ice/Necr       0%         N/A       100%        6


Dungeon Overview and Level Annotations

Branches:
Dungeon (10/15)            Temple (1/1) D:5            Lair (4/5) D:10
 Shoals (0/4) Lair:2       Spider (0/4) Lair:2        Slime (0/5) Lair:4
    Orc (0/2) D:9           Sewer (visited)          Bailey (visited)

Altars:
Ashenzari
Cheibriados
Dithmenos
Elyvilon
Fedhas
Gozag
Hepliaklqana
Kikubaaqudgha
Makhleb
Nemelex Xobeh
Okawaru
Qazlal
Ru
Sif Muna
Trog
Uskayaw
Vehumet
Wu Jian
Xom
Yredelemnul
Zin
The Shining One
Jiyva

Shops:
D:2 ?

Annotations:
Lair:4 Dega's ghost, journeyman SpHu


Message History

Your river rat bites the four-headed hydra!
The skyshark bites you. The skyshark barely misses you.
The skyshark tail-slaps you but does no damage.
You hit the catoblepas but do no damage.
The catoblepas is moderately wounded.
You slash the skyshark! You burn the skyshark.
You hit the elephant but do no damage.
Your ogre hits the elephant with a +0 giant club!!
The catoblepas gores you but does no damage.
The elephant tramples your hell rat!
Your hell rat stumbles backwards!
Your hell rat bites the elephant!
Your hell rat drains the elephant.
The skyshark bites you!!
A hell rat scurries out from under your cloak.
The skyshark barely misses you.
The skyshark tail-slaps you but does no damage.
You slice the catoblepas!! You burn the catoblepas.
The catoblepas is heavily wounded.
You slash the elephant! You burn the elephant.
You hit the skyshark but do no damage.
Your river rat bites the four-headed hydra.
The four-headed hydra dies!
Trog accepts your kill.
Your ogre hits the elephant with a +0 giant club!!!
Your hell rat bites the elephant.
The catoblepas gores you!
* * * LOW HITPOINT WARNING * * *
A river rat scurries out from under your cloak.
The elephant is engulfed in calcifying dust.
The elephant is moving more slowly.
The elephant barely misses you. x2
The skyshark closely misses you. The skyshark tail-slaps you.
* * * LOW HITPOINT WARNING * * *
The skyshark tail-slaps you but does no damage.
You barely miss the catoblepas.
The catoblepas is heavily wounded.
You slash the elephant! You burn the elephant. You barely miss the skyshark.
Your hell rat barely misses the catoblepas.
The blink frog hits your river rat.
Your river rat bites the blink frog.
Your hell rat bites the elephant.
The skyshark bites you!!
* * * LOW HITPOINT WARNING * * *
You block the skyshark's attack. The skyshark tail-slaps you!
You die...

#.........##.#....
..................
..................
#........†.......
#.....†..........
#.......SrO......
##....r..†F.Y.....
#....§.YlYY.......
#......@†...l.....
##.$...rY.......Y.
#####..PrF.......
#....F.......
#..F........
.....##.... ##....
... ##.... ..


You could see a catoblepas (ally target), a skyshark (berserk, ally target), 4
elephants, a komodo dragon, a black mamba (petrified), 4 blink frogs, a friendly
ogre (summoned, berserk), 2 friendly hell rats and 2 friendly river rats.

Vanquished Creatures
  Gastronok (Lair:1)
  3 hydras
  A catoblepas (Lair:4)
  2 two-headed ogres
  A death yak (Lair:4)
  A cyclops (D:10)
  6 elephants
  7 cane toads
  9 komodo dragons
  3 trolls (D:10)
  A merfolk (Lair:2)
  A hornet (D:10)
  2 polar bears
  A blink frog (Lair:5)
  A wraith (D:10)
  A basilisk (Lair:1)
  6 wyverns
  2 steam dragons
  41 yaks
  Grum (Lair:1)
  A two-headed ogre zombie (D:9)
  11 water moccasins
  Duvessa (D:6)
  A sky beast (D:8)
  Pargi (Sewer)
  9 orc warriors
  An ogre (D:6)
  9 wolves
  4 centaurs
  3 phantoms
  12 bullfrogs
  5 scorpions
  Dowan (D:6)
  2 troll zombies (D:9)
  5 killer bees (D:10)
  4 electric eels
  9 howler monkeys
  2 hounds
  2 jellies
  2 orc priests
  An iguana (D:5)
  3 orc wizards
  4 ogre zombies (D:9)
  5 gnolls
  A river rat (D:3)
  9 adders
  2 shadow imps (D:7)
  3 white imps
  7 worms
  3 dart slugs
  20 orcs
  2 endoplasms
  7 giant cockroaches
  12 goblins
  8 hobgoblins
  2 jackals (D:4)
  6 quokkas
  10 ball pythons
  3 bats
  5 frilled lizards
  A goblin skeleton (D:9)
  4 goblin zombies (D:9)
  A hobgoblin zombie (D:9)
  20 kobolds
  5 orc skeletons (D:9)
  10 orc zombies (D:9)
  6 rats
336 creatures vanquished.

Vanquished Creatures (collateral kills)
  A hydra (Lair:5)
  An elephant (Lair:2)
  A komodo dragon (Lair:1)
  2 yaks
  A wyvern (D:8)
  A wraith (D:9)
  A kobold brigand (D:8)
  A jelly (D:5)
  A hound (D:5)
  A sleepcap (D:5)
  An ogre zombie (D:9)
  A gnoll (D:8)
  A white imp (D:5)
  An ufetubus (D:5)
  4 orcs
  2 orc skeletons (D:9)
  2 orc zombies (D:9)
23 creatures vanquished.

Vanquished Creatures (others)
  A centaur (D:9)
  9 fungi
  16 plants
26 creatures vanquished.

Grand Total: 385 creatures vanquished

Notes
Turn   | Place    | Note
-------+----------+-------------------------------------------
     0 | D:1      | Dawnplanks the Hill Orc Berserker began the quest for the
                  | Orb.
     0 | D:1      | Reached XP level 1. HP: 19/19 MP: 1/1
    55 | D:1      | Found a faded altar of an unknown god.
   231 | D:1      | Reached XP level 2. HP: 18/27 MP: 2/2
   796 | D:2      | Reached XP level 3. HP: 29/33 MP: 3/3
   996 | D:2      | Reached ** piety under Trog
  1346 | D:2      | Reached skill level 5 in Axes
  1359 | D:2      | Found Ogayxis's Magic Scroll Shop.
  1366 | D:2      | Reached XP level 4. HP: 41/41 MP: 4/4
  1770 | D:3      | Found a sacrificial altar of Ru.
  1771 | D:3      | Found a stormy altar of Qazlal.
  1869 | D:3      | Found a glowing drain.
  1913 | Sewer    | Entered a sewer
  1989 | Sewer    | Noticed Pargi
  2001 | Sewer    | Killed Pargi
  2002 | Sewer    | Reached XP level 5. HP: 47/47 MP: 5/5
  2279 | D:3      | Reached skill level 6 in Axes
  2510 | D:3      | Reached XP level 6. HP: 46/55 MP: 6/6
  2732 | D:3      | Found a white marble altar of Elyvilon.
  2992 | D:4      | Reached skill level 5 in Fighting
  3052 | D:4      | Reached *** piety under Trog
  3242 | D:4      | Identified the +3 scale mail "Bosia" {Fly rC+ Stlth+}
  3322 | D:4      | Found the +2 ratskin cloak {*Rats rPois rN+ Str-1 Int-1
                  | Dex+1}
  3522 | D:5      | Entered Level 5 of the Dungeon
  3663 | D:5      | Identified the +0 scale mail of Omission {Regen+}
  3695 | D:5      | Reached skill level 7 in Axes
  3757 | D:5      | Found a blossoming altar of Fedhas.
  3814 | D:5      | Reached XP level 7. HP: 34/61 MP: 7/7
  4141 | D:5      | Found a staircase to the Ecumenical Temple.
  4149 | Temple   | Entered the Ecumenical Temple
  4413 | D:5      | Reached skill level 8 in Axes
  4801 | D:5      | Found an ornate altar of the Wu Jian Council.
  4898 | D:6      | Reached skill level 5 in Armour
  4906 | D:6      | Reached XP level 8. HP: 70/70 MP: 8/8
  5012 | D:6      | Noticed Dowan
  5012 | D:6      | Noticed Duvessa
  5023 | D:6      | Killed Dowan
  5028 | D:6      | Killed Duvessa
  5206 | D:6      | Reached skill level 9 in Axes
  5346 | D:6      | Identified the +9 scimitar of Fate {elec, rElec rPois rC+
                  | Int-2}
  5408 | D:6      | Reached skill level 1 in Shields
  5449 | D:6      | Reached skill level 10 in Axes
  5943 | D:7      | Found a flagged portal.
  5958 | Bailey   | Entered a bailey
  5996 | Bailey   | Reached **** piety under Trog
  6129 | Bailey   | Reached XP level 9. HP: 75/78 MP: 9/9
  6265 | Bailey   | Reached skill level 11 in Axes
  6661 | D:7      | Found a radiant altar of Vehumet.
  7134 | D:8      | Reached skill level 12 in Axes
  7165 | D:8      | Reached XP level 10. HP: 78/88 MP: 10/10
  7166 | D:8      | Reached ***** piety under Trog
  7957 | D:9      | Reached skill level 13 in Axes
  8108 | D:9      | Noticed a two-headed ogre
  8119 | D:9      | Killed a two-headed ogre
  8256 | D:9      | Found a staircase to the Orcish Mines.
  8274 | D:9      | Received a gift from Trog
  8282 | D:9      | Reached skill level 14 in Axes
  8630 | D:10     | Entered Level 10 of the Dungeon
  8698 | D:10     | Reached XP level 11. HP: 97/97 MP: 11/11
  8799 | D:10     | Paralysed by a hornet for 1 turns
  8974 | D:10     | Reached skill level 15 in Axes
  9098 | D:10     | Noticed a two-headed ogre
  9098 | D:10     | Noticed a cyclops
  9105 | D:10     | Killed a cyclops
  9112 | D:10     | Killed a two-headed ogre
  9113 | D:10     | Reached skill level 10 in Fighting
  9342 | D:10     | Found a staircase to the Lair.
  9632 | D:2      | Bought a scroll of brand weapon for 95 gold pieces
  9819 | Lair:1   | Entered Level 1 of the Lair of Beasts
  9819 | Lair:1   | Noticed Gastronok
  9830 | Lair:1   | Killed Gastronok
  9831 | Lair:1   | Reached skill level 16 in Axes
  9831 | Lair:1   | Reached skill level 5 in Dodging
 10236 | Lair:1   | Noticed a four-headed hydra
 10244 | Lair:1   | Killed a one-headed hydra
 10530 | Lair:1   | Reached XP level 12. HP: 97/108 MP: 12/12
 10638 | Lair:1   | Noticed Grum
 10651 | Lair:1   | Reached skill level 17 in Axes
 10656 | Lair:1   | Killed Grum
 10928 | Lair:2   | Reached skill level 5 in Shields
 11346 | Lair:2   | Noticed a seven-headed hydra
 11351 | Lair:2   | Killed a four-headed hydra
 11352 | Lair:2   | Reached skill level 18 in Axes
 11462 | Lair:2   | Found a staircase to the Shoals.
 11467 | Lair:2   | Received a gift from Trog
 11558 | Lair:2   | Found a hole to the Spider Nest.
 12010 | Lair:3   | Noticed a five-headed hydra
 12023 | Lair:3   | Killed a one-headed hydra
 12287 | Lair:3   | Reached skill level 10 in Armour
 12523 | Lair:3   | Reached XP level 13. HP: 119/119 MP: 13/13
 12538 | Lair:3   | Reached skill level 19 in Axes
 12996 | Lair:4   | Found a viscous altar of Jiyva.
 12996 | Lair:4   | Found a staircase to the Slime Pits.
 13378 | Lair:4   | Noticed Dega's ghost (journeyman SpHu)
 13379 | Lair:4   | Noticed a minotaur
 13642 | Lair:4   | You are sucked into a shaft and drop 1 floor!
 13642 | Lair:5   | Entered Level 5 of the Lair of Beasts
 13674 | Lair:5   | Slain by a skyshark

Illustrated notes

Levels and vault maps discovered:
D:1:      nzn_arrival_crosshair, layout_basic,
          hellmonk_ecumenical_altar_leap_of_faith, nicolae_eternal_life
D:2:      layout_loops_ring, serial_shops, nicolae_shop_statue_plus,
          kennysheep_cross_bottleneck
D:3:      layout_loops_ring, lemuel_tele_altar, amethyst_overflow_temple_binary,
          gup_sewer_entry_bowl, fountainhead, grunt_ministairs_12
D:4:      layout_cave_pools
D:5:      layout_basic, nicolae_wu_jian_immortal_techniques,
          mainiacjoe_overflow_six_doors_small, minmay_temple_entry_hall
D:6:      layout_basic, st_stairs_6, grunt_ministairs_13, uniq_duvessa
D:7:      layout_basic, mainiacjoe_overflow_24_doors, enter_bailey_3
D:8:      layout_loops_ring, minivault_14
D:9:      layout_roguey, zombieorc2_lemuel
D:10:     layout_basic, lair_entry_dummy, grunt_ministairs_10, st_stairs_7,
          kennysheep_generic_room_14
Temple:   nicolae_temple_bog_church
Lair:1:   layout_gridlike, chequers_serial_rivers_room_b, uniq_gastronok,
          uniq_grum
Lair:2:   layout_chaotic_city, elwin_shoals_entry_rooms,
          spider_nest_entry_web_field, serial_forest,
          infiniplex_forest_clump_small, infiniplex_forest_straight_5,
          infiniplex_forest_split, infiniplex_forest_corner_2,
          infiniplex_forest_lined_room_2, infiniplex_forest_clump_small
Lair:3:   layout_long_grid, serial_bayou_crossing, serial_bayou_shore_a
Lair:4:   layout_hall_layers, dpeg_slime_entry_enclosed,
          maelrawn_ghost_gauntlet_escape, chequers_serial_rivers_micro_e,
          nicolae_lair_yak_garden, lemuel_fruit_fields
Lair:5:   guppyfry_lair_end_dragon, layout_cave_shapes,
          hangedman_lair_in_review, special_room [special_room_bee],
          lemuel_fruit_tree

Skill      XL: |  1  2  3  4  5  6  7  8  9 10 11 12 13 |
---------------+----------------------------------------+-----
Fighting       | 4 5 6 7 9 10 12 13 | 13.2
Axes           | 5 6 7 8 10 12 14 16 18 19 | 19.8
Dodging        | 2 3 4 5 |  5.9
Armour         | 3 4 5 6 7 8 9 10 | 10.2
Shields        | 1 3 4 5 |  5.6

Action                     |  1- 3 |  4- 6 |  7- 9 | 10-12 | 13-15 || total
---------------------------+-------+-------+-------+-------+-------++-------
  Melee: Hand axe          |   103 |   239 |    53 |       |       ||   395
         Punch             |       |     5 |     6 |     3 |       ||    14
         War axe           |       |       |   267 |   243 |       ||   510
         Battleaxe         |       |       |       |   174 |    91 ||   265
 Invoke: Berserk           |     1 |     2 |     3 |     5 |     1 ||    12
         Trog's Hand       |       |     1 |     1 |     2 |     1 ||     5
         Brothers in Arms  |       |       |       |       |     2 ||     2
    Use: Scroll            |       |       |     7 |     3 |       ||    10
   Stab: Distracted        |       |       |       |     3 |       ||     3
         Petrifying        |       |       |       |       |     2 ||     2
         Petrified         |       |       |       |       |     2 ||     2
 Armour: Animal skin       |     3 |       |       |       |       ||     3
         Ring mail         |    28 |    16 |       |       |       ||    44
         Leather armour    |     2 |       |       |       |       ||     2
         Chain mail        |       |    12 |       |       |       ||    12
         Plate armour      |       |    39 |       |       |       ||    39
         Scale mail        |       |    45 |   127 |   207 |    38 ||   417
  Dodge: Dodged            |    55 |   100 |   149 |   197 |    40 ||   541
  Block: Other             |       |       |    65 |    80 |    13 ||   158
         Reflection        |       |       |     9 |       |       ||     9

Table legend: (Time is in decaauts)
 A = Elapsed time spent in this place.
 B = Non-inter-level travel time spent in this place.
 C = Inter-level travel time spent in this place.
 D = Time resting spent in this place.
 E = Time spent auto-exploring this place.
 F = Levels seen in this place.
 G = Mean time per level.
                   A        B        C        D        E       F      G
               +--------+--------+--------+--------+--------+-----+--------+
         Total |  13735 |  12780 |    955 |    301 |  10233 |  18 |  763.1 |
       Dungeon |   8967 |   8152 |    815 |    232 |   6546 |  10 |  896.7 |
        Temple |    159 |    154 |      5 |      0 |    141 |   1 |  159.0 |
          Lair |   3777 |   3642 |    135 |     44 |   3153 |   5 |  755.4 |
         Sewer |    297 |    297 |      0 |     24 |    164 |   1 |  297.0 |
        Bailey |    533 |    533 |      0 |      0 |    228 |   1 |  533.0 |
               +--------+--------+--------+--------+--------+-----+--------+

Top non-repeatable levels by time:
     D:5: 1253 daAuts
  Lair:2: 1140 daAuts
     D:2: 1070 daAuts
     D:3: 1028 daAuts
     D:6: 993 daAuts
  Lair:1: 974 daAuts
  Lair:3: 961 daAuts
    D:10: 903 daAuts
     D:9: 844 daAuts
     D:1: 771 daAuts
     D:8: 763 daAuts
     D:7: 741 daAuts
  Lair:4: 675 daAuts
     D:4: 597 daAuts
  Bailey: 533 daAuts
